 Dungeon Crawl Stone Soup version 0.26.1-11-gd32895ea62 (webtiles) character file.

Game seed: 14047493758747913091

448 dtburroughs the Chopper (level 6, -11/84 HPs)
             Began as a Minotaur Berserker on June 29, 2021.
             Was a Follower of Trog.
             Mangled by Menkaure (16 damage)
             ... on level 5 of the Dungeon.
             The game lasted 00:03:06 (3564 turns).

dtburroughs the Chopper (Minotaur Berserker)        Turns: 3564, Time: 00:03:07

Health: -11/84     AC:  9    Str: 21    XL:     6   Next: 73%
Magic:  5/5        EV:  9    Int:  6    God:    Trog [*.....]
Gold:   141        SH:  0    Dex: 10    Spells: 5/5 levels left

rFire    . . .     SeeInvis .   a - +0 hand axe
rCold    . . .     Faith    .   (no shield)
rNeg     . . .     Spirit   .   g - +0 chain mail
rPois    .         Reflect  .   (helmet restricted)
rElec    .         Harm     .   (no cloak)
rCorr    .         Rampage  .   (no gloves)
Will     .....                  (no boots)
Stlth    ..........             (no amulet)
HPRegen  0.24/turn              (no ring)
MPRegen  0.09/turn              (no ring)

@: berserking, very quick
A: retaliatory headbutt, horns 2
a: Renounce Religion, Berserk


You were on level 5 of the Dungeon.
You worshipped Trog.
Trog was aware of your devotion.
You visited 1 branch of the dungeon, and saw 5 of its levels.

You collected 141 gold pieces.

Inventory:

Hand Weapons
 a - a +0 hand axe (weapon)
Armour
 g - a +0 chain mail (worn)
Scrolls
 b - a scroll of identify {unknown}
 c - 3 scrolls of remove curse {unknown}
 e - a scroll of enchant armour {unknown}
Potions
 f - a potion of degeneration {unknown}


   Skills:
 + Level 5.5 Fighting
 + Level 5.5 Axes
 + Level 4.7 Armour
 + Level 4.4 Dodging


You had 5 spell levels left.
You didn't know any spells.
Your spell library was empty.

Dungeon Overview and Level Annotations

Branches:
Dungeon (6/15)
 Temple: D:4-7

Altars:
Makhleb
Nemelex Xobeh

Annotations:
D:5 Menkaure


Innate Abilities, Weirdness & Mutations

You reflexively headbutt those who attack you in melee.
You have a pair of horns on your head.


Message History

You can no longer call upon Trog for regeneration and willpower.
You feel the effects of Trog's Hand fading.
Menkaure calls on the powers of darkness!
Your body is wracked with pain!
Menkaure calls on the powers of darkness!
Your body is wracked with pain!
* * * LOW HITPOINT WARNING * * *
Found a plate armour.
Your skin stops crawling.
You feel less strong-willed.
A red film seems to cover your vision as you go berserk!
You feel yourself moving faster!
You feel mighty!
You feel a strong urge to attack something.
You slash Menkaure!
Menkaure is moderately damaged.
Menkaure hits you!
* * * LOW HITPOINT WARNING * * *
You hit Menkaure.
Menkaure is heavily damaged.
Menkaure hits you!
You die...

###...### #...#
##....#####.###### ..
#(.##............#..#
#####.#####..........#[#
#!.......##............
..................)..##
≈.........### #........
≈.........#####....#
.≈.....$.##....M@..#
≈..................#
≈..........##......#
.≈........##..#.......
≈≈.......##..##.......#
............# #....#....
............ ..........
...........# .....#.....
....... .#.#.......


You could see Menkaure (fast).

Vanquished Creatures
  An ice beast (D:6)
  A sky beast (D:6)
  2 ogres
  5 adders
  An ooze (D:2)
  A worm (D:2)
  A dart slug (D:1)
  2 leopard geckos
  An orc (D:3)
  3 bats (D:1)
  A giant cockroach (D:1)
  10 goblins
  9 hobgoblins
  3 kobolds
  A ball python (D:2)
  2 frilled lizards
  4 rats
48 creatures vanquished.

Notes
Turn   | Place    | Note
-------+----------+-------------------------------------------
     0 | D:1      | dtburroughs the Minotaur Berserker began the quest for the
                  | Orb.
     0 | D:1      | Reached XP level 1. HP: 19/19 MP: 0/0
   248 | D:1      | Reached XP level 2. HP: 21/27 MP: 1/1
  1007 | D:2      | Reached XP level 3. HP: 30/33 MP: 2/2
  1851 | D:2      | Found a sparkling altar of Nemelex Xobeh.
  1911 | D:2      | Reached ** piety under Trog
  1912 | D:2      | Reached XP level 4. HP: 35/40 MP: 3/3
  2359 | D:2      | Found a burning altar of Makhleb.
  2844 | D:3      | You fall into a shaft and drop 3 floors!
  2848 | D:6      | Noticed a sky beast
  2848 | D:6      | Noticed an ice beast
  2860 | D:6      | Killed an ice beast
  2861 | D:6      | Reached XP level 5. HP: 47/47 MP: 4/4
  2874 | D:6      | Killed a sky beast
  2875 | D:6      | Reached skill level 5 in Fighting
  2875 | D:6      | Reached skill level 5 in Axes
  2875 | D:6      | Reached XP level 6. HP: 36/56 MP: 5/5
  3420 | D:5      | Entered Level 5 of the Dungeon
  3521 | D:5      | Noticed Menkaure
  3564 | D:5      | Mangled by Menkaure

Illustrated notes

Levels and vault maps discovered:
D:1:      dpeg_arrival_three_smaller_balls, layout_basic, st_stairs_10,
          hangedman_decor_clover_reticule
D:2:      cheibrodos_greedy_goblins, layout_basic, lightli_temple_of_fire,
          nicolae_overflow_hidden_temple, nemelex_diamond_rough_becter
D:3:      minmay_angry_zag, layout_basic
D:5:      layout_rooms, kennysheep_mini, portal_sewer_entry_d, serial_rivers,
          chequers_serial_rivers_marsh, chequers_serial_rivers_large_b,
          chequers_serial_rivers_room_b, chequers_serial_rivers_small_3,
          chequers_serial_rivers_micro_b, chequers_serial_rivers_room_a,
          uniq_menkaure
D:6:      layout_layer_cave, basic_altar

Skill      XL: |  1  2  3  4  5 |
---------------+----------------+-----
Axes           | 4 5 |  5.5
Fighting       | 4 5 |  5.5
Armour         | 3 4 |  4.7
Dodging        | 3 4 |  4.4

Action                   |  1- 3 |  4- 6 || total
-------------------------+-------+-------++-------
Melee: Hand axe          |    68 |    54 ||   122
       Headbutt          |     9 |    12 ||    21
Invok: Trog's Hand       |       |     3 ||     3
       Berserk           |       |     2 ||     2
Armor: Animal skin       |     7 |       ||     7
       Chain mail        |    10 |    24 ||    34
Dodge: Dodged            |    57 |    16 ||    73
